 Dungeon Crawl Stone Soup version 0.29-a0-911-g88e6f02907 (webtiles) character file.

Game seed: 15001971767948341135

28583 ragingrage the Convoker (level 13, -11/58 HPs)
             Began as a Felid Summoner on July 22, 2022.
             Was an Initiate of Gozag.
             Shot with an arrow by a centaur warrior (21 damage)
             ... on level 13 of the Dungeon on July 25, 2022.
             The game lasted 01:14:14 (26703 turns).

ragingrage the Convoker (Felid Summoner)           Turns: 26703, Time: 01:14:14

Health: -11/58     AC:  7    Str:  4    XL:     13   Next: 10%
Magic:  16/28      EV: 28    Int: 21    God:    Gozag
Gold:   6033       SH:  0    Dex: 17    Spells: 7/33 levels left
                                        Lives:  0   Deaths: 4

rFire   + . .      SeeInvis +   (weapon unavailable)
rCold   . . .      Faith    .   (shield unavailable)
rNeg    . . .      Spirit   .   (body armour unavailable)
rPois   .          Reflect  .   (helmet unavailable)
rElec   .          Harm     .   (cloak unavailable)
rCorr   .          Rampage  .   (gloves unavailable)
Will    +....                   (boots unavailable)
Stlth   ++........              d - amulet "Juash" {RegenMP Slay+3}
HPRegen 0.19/turn               B - ring of fire
MPRegen 0.61/turn               F - +4 ring of protection

@: quick
A: very small, claws 1, fangs 3, see invisible, speed 1, shaggy fur 3, stealthy
paws, no weapons or thrown items, no armour, multi-lived
a: Renounce Religion, Potion Petition, Call Merchant, Bribe Branch


You were on level 13 of the Dungeon.
You worshipped Gozag.
Gozag was greatly pleased with you.
You visited 3 branches of the dungeon, and saw 19 of its levels.
You also visited: Sewer.

You collected 7391 gold pieces.
You spent 84 gold pieces at shops.
You paid 1274 gold pieces to Gozag.

Inventory:

Jewellery
 d - the amulet "Juash" (around neck) {RegenMP Slay+3}
   (You acquired it on level 3 of the Dungeon)

   [amulet of magic regeneration]

   It increases your rate of magic regeneration.
   Slay:      It affects your accuracy & damage with ranged weapons and melee
   (+3).
 j - a ring of resist corrosion
 p - an amulet of reflection
 B - a ring of fire (left paw)
 C - a ring of flight
 F - a +4 ring of protection (right paw)
 G - a +6 ring of dexterity
 L - a ring of willpower
Wands
 l - a wand of roots (3)
 q - a wand of flame (9)
 x - a wand of light (6)
 D - a wand of polymorph (3)
 K - a wand of paralysis (8)
Scrolls
 e - a scroll of blinking
 f - 7 scrolls of teleportation
 h - a scroll of fear
 i - 3 scrolls of amnesia
 k - 3 scrolls of silence
 r - 8 scrolls of identify
 s - 2 scrolls of summoning
 t - 2 scrolls of butterflies
 v - 3 scrolls of poison
 y - 2 scrolls of vulnerability
 I - 3 scrolls of magic mapping
Potions
 a - a potion of magic
 b - 3 potions of curing
 c - 4 potions of lignification
 g - 2 potions of berserk rage
 m - 5 potions of heal wounds
 n - 2 potions of resistance
 o - 6 potions of might
 u - 2 potions of mutation
 w - a potion of brilliance
 z - 2 potions of cancellation
 A - 3 potions of flight
 E - a potion of attraction
 H - 3 potions of invisibility
 J - a potion of haste


   Skills:
 - Level 8.0 Fighting
 + Level 15.0 Dodging
 + Level 2.6 Stealth
 + Level 10.9 Spellcasting
 - Level 3.0 Hexes
 + Level 17.0 Summonings
 + Level 10.0 Air Magic
 - Level 4.0 Evocations


You had 7 spell levels left.
You knew the following spells:

 Your Spells              Type           Power      Damage    Failure   Level
a - Summon Small Mammal   Summ           100%       N/A       0%          1
b - Call Imp              Summ           70%        N/A       0%          2
c - Call Canine Familiar  Summ           70%        N/A       0%          3
d - Summon Guardian Gole  Hex/Summ       52%        N/A       1%          3
e - Summon Lightning Spi  Summ/Air       62%        N/A       1%          4
f - Summon Cactus Giant   Summ           35%        N/A       1%          6
g - Summon Hydra          Summ           35%        N/A       4%          7

Your spell library contained the following spells:

 Spells                   Type           Power      Damage    Failure   Level
 Poisonous Vapours        Pois/Air       64%        N/A       1%          2
 Sting                    Tmut/Pois      44%        1d5       6%          1
 Scorch                   Fire           34%        2d7       9%          2
 Sublimation of Blood     Necr           11%        N/A       9%          2
 Wereblood                Tmut           11%        N/A       9%          2
 Gell's Gravitas          Tloc           11%        N/A       19%         3
 Lesser Beckoning         Tloc           11%        N/A       19%         3
 Teleport Other           Tloc           11%        N/A       19%         3
 Flame Wave               Conj/Fire      17%        2d6       52%         4
 Olgreb's Toxic Radiance  Pois           11%        N/A       52%         4
 Spellforged Servitor     Conj/Summ      23%        N/A       83%         7
 Iskenderun's Battlesphe  Conj           11%        2d7       86%         5
 Dispersal                Tloc           5%         N/A       100%        6
 Iron Shot                Conj/Erth      5%         9d2       100%        6
 Storm Form               Tmut/Air       16%        N/A       100%        7
 Disjunction              Tloc           5%         N/A       100%        8
 Maxwell's Capacitive Co  Air            26%        ∞         100%        8


Dungeon Overview and Level Annotations

Branches:
Dungeon (13/15)            Temple (1/1) D:5            Lair (5/5) D:11
 Shoals (0/4) Lair:2        Snake (0/4) Lair:2        Slime (0/5) Lair:5
    Orc (0/2) D:11          Sewer (visited)
 Vaults: D:13-14

Altars:
Ashenzari
Cheibriados
Dithmenos
Elyvilon
Fedhas
Gozag
Hepliaklqana
Kikubaaqudgha
Makhleb
Nemelex Xobeh
Okawaru
Qazlal
Ru
Sif Muna
Trog
Uskayaw
Vehumet
Wu Jian
Xom
Yredelemnul
Zin
The Shining One
Jiyva
Lugonu

Shops:
D:3 *(:   D:8 (

Portals:
Abyss: Lair:5

Annotations:
D:1 exclusion: downstairs
D:4 3 runed translucent doors, Veterankin's ghost, amateur HOFi
D:8 exclusion: downstairs
D:10 exclusion: 2 downstairs
D:11 exclusion: 2 downstairs


Innate Abilities, Weirdness & Mutations

You have sharp claws.
You have razor-sharp teeth.
You have supernaturally acute eyesight. (SInv)
You cover ground quickly. (Speed+)
Your thick and shaggy fur keeps you warm. (AC +3, rC+)
Your paws help you pounce on unaware monsters.
You are incapable of wielding weapons or throwing items.
You cannot wear armour.
You gain extra lives every three experience levels.


Message History

Casting: Summon Small Mammal (safe; 0% risk of failure)
Confirm with . or Enter, or press ? or * to list all spells.
The centaur warrior shouts!
The centaur warrior shoots an arrow.
The arrow hits you!!
Casting: Summon Cactus Giant (dangerous; 1% risk of failure)
Confirm with . or Enter, or press ? or * to list all spells.
The spell is quite dangerous to miscast (4% risk of failure)!
Continue anyway?
A four-headed hydra appears.
The centaur warrior shoots an arrow.
The arrow completely misses you.
The centaur warrior shoots an arrow.
The arrow barely misses you.
You swap places.
The centaur warrior shoots an arrow.
The arrow hits your cactus giant.
Your cactus giant misses the centaur warrior.
The centaur warrior shoots an arrow.
The arrow hits your cactus giant!
The centaur warrior unwields a +0 shortbow.
The centaur warrior is struck by your cactus giant's spines.
The centaur warrior hits your cactus giant!
The centaur warrior barely misses your cactus giant.
The centaur warrior wields a +0 shortbow.
The centaur warrior shoots an arrow.
The arrow hits your cactus giant!!
The centaur warrior shoots an arrow.
The arrow hits your cactus giant!
The centaur warrior shoots an arrow.
The arrow hits your cactus giant!
Your cactus giant hits the centaur warrior with a +0 giant spiked club!
Your four-headed hydra disappears in a puff of smoke!
The centaur warrior shoots an arrow.
The arrow barely misses your cactus giant.
The arrow hits you.
The centaur warrior shoots an arrow.
The arrow closely misses you.
The centaur warrior unwields a +0 shortbow.
The centaur warrior is struck by your cactus giant's spines.
The centaur warrior hits your cactus giant!
The centaur warrior kicks your cactus giant.
Casting: Summon Hydra (quite dangerous; 4% risk of failure)
Confirm with . or Enter, or press ? or * to list all spells.
An electric hum fills the air.
The centaur warrior shoots an arrow.
The arrow hits you!!
* * * LOW HITPOINT WARNING * * *
The centaur warrior shoots an arrow.
The arrow hits you!!
You die...
Your body crumbles into a pile of gold.

.########...........<.#
#.#
......................#
#.#####
.########.#####.#####.#
#...... z# #.# #)#
#.#####.##### .# #.#
#.# #.......# .# #.#
#.# #.#####.# .# #.#
#c# #.# #.# .# #.#
#C#####.# #.##### O#
#.# #8@.....# #......
c########.# #.§...>.#
#.#####
.c........#####.......#
#)#
.................$....#
#.#
....##.......##.......#
#.#
cc.####.....####......#
#.##### ..## ##...##
##.....#####)..... ..##
##'##
##..##c...c.c.C.p. ..§#
....C
##...##.#####......


You could see 2 centaur warriors, a friendly cactus giant (summoned) and a
friendly lightning spire (summoned).

Vanquished Creatures
  A kobold demonologist (D:6)
  2 unseen horror zombies (D:9)
  2 yaks
  A redback (shapeshifter) (Lair:5)
  A water moccasin (Lair:5)
  A black bear (Lair:3)
  3 centaurs (D:12)
  3 bullfrogs
  3 killer bees (D:9)
  A hound (D:5)
  A jelly (D:6)
  An orc priest (D:4)
  An orc wizard (D:4)
  4 adders
  An orc (D:9)
  4 ball pythons
  2 endoplasms
  A hobgoblin (D:4)
  A quokka (D:3)
  3 bats
  A frilled lizard (D:2)
  7 rats
  A butterfly (D:5)
46 creatures vanquished.

Vanquished Creatures (collateral kills)
  Azrael (D:12)
  6 boulder beetles
  7 hydras
  2 vault guards (D:13)
  2 two-headed ogres
  A catoblepas (Lair:2)
  2 centaur warriors (D:13)
  Urug (D:10)
  10 death yaks
  Sonja (Lair:1)
  4 thrashing horrors (Lair:5)
  Nergalle (D:12)
  2 skeletal warriors (D:11)
  2 deep elf pyromancers (D:13)
  5 ugly things
  2 manticores (D:13)
  2 cyclopes (D:13)
  A merfolk siren (Lair:2)
  11 elephants
  9 black mambas
  2 smoke demons (Lair:5)
  10 cane toads
  3 gargoyles
  7 komodo dragons
  An unseen horror (D:11)
  4 rime drakes
  An unseen horror zombie (D:9)
  A troll (D:11)
  2 ancient zymes (Lair:5)
  A merfolk (Lair:2)
  A polar bear (Lair:5)
  11 slime creatures
  10 blink frogs (Lair:5)
  A wraith (D:11)
  A wyvern (Lair:2)
  A ynoxinul (Lair:5)
  Eustachio (D:5)
  4 fire elementals
  38 yaks
  7 small abominations (Lair:5)
  4 basilisks (Lair:5)
  A steam dragon (D:9)
  8 vampire mosquitoes
  2 chaos spawn (Lair:5)
  3 acid dragons (D:10)
  12 water moccasins
  2 hell hounds (D:12)
  A hornet zombie (D:9)
  3 ice beasts
  A black bear (Lair:1)
  7 orc warriors
  An ogre (D:5)
  13 wolves
  9 centaurs
  A phantom (D:6)
  4 kobold brigands (D:9)
  3 necrophages
  2 gnoll sergeants
  4 bullfrogs
  A scorpion (D:7)
  9 wights (D:9)
  Dowan (D:7)
  9 killer bees
  2 electric eels (Lair:2)
  7 howler monkeys
  3 nameless horrors
  4 centaur zombies (D:9)
  4 hounds
  6 orc priests
  3 jellies
  A gnoll bouda (D:7)
  15 orc wizards
  4 iguanas
  A killer bee zombie (D:9)
  A howler monkey zombie (D:9)
  18 gnolls
  12 adders
  5 river rats
  A white imp (D:7)
  3 ufetubi
  7 worms
  3 dart slugs
  34 orcs
  9 ball pythons
  3 bats
  5 endoplasms
  A giant cockroach (D:1)
  4 goblins
  4 hobgoblins
  28 kobolds
  3 quokkas
  5 frilled lizards
  26 rats
502 creatures vanquished.

Vanquished Creatures (others)
  A death knight (D:11)
  2 death yaks (Lair:4)
  A wizard (D:10)
  An elephant (Lair:4)
  A gargoyle (D:10)
  A freezing wraith (D:11)
  9 yaks
  2 wyverns
  An acid dragon (D:9)
  Duvessa (D:7)
  4 orc warriors
  An ice beast (D:4)
  A wolf (Lair:4)
  A centaur (D:8)
  A scorpion (D:6)
  2 killer bees
  A howler monkey (D:10)
  An orc (D:10)
  A hobgoblin (D:4)
  3 bushes
  25 fungi
  34 plants
95 creatures vanquished.

Grand Total: 643 creatures vanquished

Notes
Turn   | Place    | Note
-------+----------+-------------------------------------------
     0 | D:1      | ragingrage the Felid Summoner began the quest for the Orb.
     0 | D:1      | Reached XP level 1. HP: 7/7 MP: 4/4
   342 | D:1      | Reached XP level 2. HP: 11/11 MP: 3/6
   775 | D:1      | Learned a level 2 spell: Call Imp
   806 | D:2      | Identified the +8 spear "Cikhumylim" {vorpal, *Noise rPois
                  | Will+}
   897 | D:2      | You fall into a shaft and drop 1 floor!
   905 | D:3      | Found Nieci's Antique Weapon Emporium.
   947 | D:2      | Reached XP level 3. HP: 13/14 MP: 4/8
  1304 | D:2      | Learned a level 3 spell: Call Canine Familiar
  1752 | D:3      | Found Remymape's Book Boutique.
  2108 | D:3      | Reached skill level 5 in Summonings
  2108 | D:3      | Reached XP level 4. HP: 15/18 MP: 3/9
  2183 | D:3      | Noticed a necrophage
  2195 | D:3      | Killed a necrophage
  2196 | D:3      | Reached XP level 5. HP: 21/21 MP: 4/10
  2265 | D:3      | Found a faded altar of an unknown god.
  2359 | D:3      | Reached skill level 6 in Summonings
  2677 | D:3      | Found Qikoihal's General Store.
  2686 | D:3      | Bought a wand of flame (10) for 84 gold pieces
  2687 | D:3      | Identified a scroll of acquirement
  2687 | D:3      | Acquired the amulet "Juash" {RegenMP Slay+3}
  2800 | D:3      | Learned a level 3 spell: Summon Guardian Golem
  2944 | D:4      | Noticed Veterankin's ghost (amateur HOFi)
  2984 | D:4      | Found a runed translucent gate.
  2984 | D:4      | Found a runed translucent gate.
  2985 | D:4      | Gained mutation: You are covered in thick fur. (AC +2)
                  | [Felid growth]
  2985 | D:4      | Reached XP level 6. HP: 24/24 MP: 11/11
  2985 | D:4      | Found a runed translucent gate.
  3087 | D:4      | Found a glowing drain.
  3095 | Sewer    | Entered a sewer
  3170 | Sewer    | Reached skill level 7 in Summonings
  3397 | Sewer    | Reached skill level 8 in Summonings
  3398 | Sewer    | Reached XP level 7. HP: 27/27 MP: 9/12
  3921 | D:4      | Reached skill level 1 in Hexes
  4414 | D:4      | Found a shadowy altar of Dithmenos.
  4420 | D:4      | Found an ornate altar of the Wu Jian Council.
  4968 | D:5      | Entered Level 5 of the Dungeon
  4995 | D:5      | Found a staircase to the Ecumenical Temple.
  5017 | Temple   | Entered the Ecumenical Temple
  5141 | D:5      | Noticed Eustachio
  5146 | D:5      | Reached skill level 9 in Summonings
  5160 | D:5      | Killed Eustachio
  5165 | D:5      | Reached XP level 8. HP: 30/31 MP: 13/13
  5318 | D:5      | Reached skill level 10 in Summonings
  6247 | D:6      | Reached skill level 11 in Summonings
  6399 | D:6      | Found a shimmering altar of Xom.
  7000 | D:7      | Reached XP level 9. HP: 22/34 MP: 12/14
  7001 | D:7      | Noticed Duvessa
  7009 | D:7      | Reached skill level 12 in Summonings
  7027 | D:7      | Noticed Dowan
  7056 | D:7      | Killed Duvessa
  7201 | D:7      | Killed Dowan
  7393 | D:7      | Noticed a kobold demonologist
  7400 | D:7      | Noticed a hellwing
  7407 | D:6      | Killed a kobold demonologist
  7408 | D:6      | Reached skill level 13 in Summonings
  8386 | D:7      | Noticed a boulder beetle
  8443 | D:7      | Annihilated by a boulder beetle
  8444 | D:7      | Reached XP level 8. HP: -35/31 MP: 13/13
  8495 | D:7      | Noticed a manticore
  8556 | D:8      | Reached skill level 14 in Summonings
  8575 | D:8      | Learned a level 4 spell: Summon Lightning Spire
  8683 | D:8      | Reached XP level 9. HP: 26/34 MP: 10/14
  8808 | D:8      | Reached skill level 1 in Fighting
  8818 | D:8      | Killed from afar by an orc priest
  8819 | D:8      | Reached XP level 8. HP: -6/32 MP: 13/13
  8878 | D:8      | Upgraded the game from 0.29-a0-892-g2c4c91d9db to
                  | 0.29-a0-911-g88e6f02907
  8893 | D:8      | Reached skill level 1 in Air Magic
  9172 | D:8      | Found an ancient bone altar of Kikubaaqudgha.
  9290 | D:8      | Found a white marble altar of Elyvilon.
  9656 | D:8      | Found Poenlin's Weapon Emporium.
 10329 | D:9      | Reached XP level 9. HP: 15/37 MP: 8/14
 10868 | D:9      | Reached skill level 5 in Dodging
 11798 | D:9      | Reached XP level 10. HP: 42/42 MP: 13/16
 11943 | D:9      | Found a basalt altar of Yredelemnul.
 12109 | D:10     | Entered Level 10 of the Dungeon
 12336 | D:10     | Found a radiant altar of Vehumet.
 12354 | D:10     | Found an opulent altar of Gozag.
 12355 | D:10     | Found an iron altar of Okawaru.
 12355 | D:10     | Found a hide-covered altar of Uskayaw.
 12400 | D:10     | Noticed a two-headed ogre
 12416 | D:10     | Killed a two-headed ogre
 12505 | D:10     | Noticed a gargoyle
 12512 | D:10     | Killed a gargoyle
 12568 | D:10     | Noticed Urug
 13072 | D:10     | Found a bloodstained altar of Trog.
 13074 | D:10     | Noticed a wizard
 13080 | D:10     | Killed a wizard
 13408 | D:11     | Noticed a death knight
 13408 | D:11     | Noticed a skeletal warrior
 13408 | D:11     | Noticed a skeletal warrior
 13518 | D:11     | Acquired 1053 gold pieces
 13537 | D:10     | Became a worshipper of Gozag Ym Sagoz the Greedy
 13595 | D:11     | Found a staircase to the Orcish Mines.
 13596 | D:11     | Acquired 1185 gold pieces
 13598 | D:11     | Acquired 1080 gold pieces
 13712 | D:11     | Killed a skeletal warrior
 13720 | D:11     | Killed a death knight
 13721 | D:11     | Reached skill level 5 in Fighting
 13721 | D:11     | Noticed a boulder beetle
 13768 | D:11     | Killed a boulder beetle
 13769 | D:11     | Reached XP level 11. HP: 32/47 MP: 11/19
 13970 | D:11     | Reached skill level 5 in Spellcasting
 13970 | D:11     | Reached skill level 15 in Summonings
 13970 | D:11     | Reached skill level 5 in Air Magic
 14123 | D:11     | Learned a level 6 spell: Summon Cactus Giant
 14141 | D:11     | Noticed an eight-headed hydra
 14167 | D:11     | Killed an eight-headed hydra
 14204 | D:11     | Found a staircase to the Lair.
 14815 | D:10     | Killed Urug
 14816 | D:10     | Reached skill level 10 in Dodging
 15049 | D:11     | Killed a skeletal warrior
 15129 | D:12     | Noticed a boulder beetle
 15147 | D:12     | Noticed Nergalle
 15178 | D:12     | Noticed a six-headed hydra
 15280 | Lair:1   | Entered Level 1 of the Lair of Beasts
 15292 | Lair:1   | Identified the +2 leather armour "Usovia" {+Inv rN++ Slay+2
                  | SInv}
 15765 | Lair:1   | Noticed Sonja
 16393 | Lair:2   | Found a staircase to the Snake Pit.
 16415 | Lair:2   | Gained mutation: Your thick and shaggy fur keeps you warm.
                  | (AC +3, rC+) [Felid growth]
 16415 | Lair:2   | Reached XP level 12. HP: 45/51 MP: 6/20
 17084 | Lair:2   | Noticed a catoblepas
 17106 | Lair:2   | Killed a catoblepas
 17107 | Lair:2   | Reached skill level 10 in Air Magic
 17111 | Lair:2   | Reached skill level 1 in Evocations
 17419 | Lair:2   | Found a staircase to the Shoals.
 18868 | Lair:3   | Noticed an eight-headed hydra
 18875 | Lair:3   | Killed an eight-headed hydra
 19423 | Lair:4   | Identified the +1 cloak of Xusuram {rF+ rC+ Str-2}
 19469 | Lair:4   | You fall into a shaft and drop 1 floor!
 19469 | Lair:5   | Entered Level 5 of the Lair of Beasts
 20183 | Lair:4   | Noticed an eight-headed hydra
 20195 | Lair:4   | Killed an eight-headed hydra
 20196 | Lair:4   | Reached XP level 13. HP: 54/54 MP: 17/24
 20310 | Lair:4   | Reached skill level 16 in Summonings
 21773 | Lair:5   | Reached skill level 17 in Summonings
 22335 | Lair:5   | Reached skill level 10 in Spellcasting
 22459 | Lair:5   | Reached XP level 14. HP: 60/60 MP: 25/29
 22747 | Lair:5   | Found a corrupted altar of Lugonu.
 22747 | Lair:5   | Found a one-way gate to the infinite horrors of the Abyss.
 22756 | Lair:5   | Identified the +1 cloak "Naakiej" {Fly rN+ Dex-4}
 22922 | Lair:5   | Found a staircase to the Slime Pits.
 22922 | Lair:5   | Found a viscous altar of Jiyva.
 23791 | Lair:1   | Killed Sonja
 24060 | D:12     | Noticed Azrael
 24614 | D:12     | Demolished by a boulder beetle
 24615 | D:12     | Reached XP level 13. HP: -18/58 MP: 23/28
 24759 | D:13     | Learned a level 7 spell: Summon Hydra
 25460 | D:13     | Reached skill level 15 in Dodging
 26077 | D:12     | Killed Nergalle
 26091 | D:12     | Slain by a boulder beetle
 26092 | D:12     | Reached XP level 12. HP: 0/55 MP: 15/27
 26108 | D:12     | Reached XP level 13. HP: 58/58 MP: 11/28
 26116 | D:12     | Killed Azrael
 26703 | D:13     | Shot with an arrow by a centaur warrior

Illustrated notes

Levels and vault maps discovered:
D:1:      spicycebolla_arrival_risky_transporter, layout_rooms
D:2:      layout_rooms
D:3:      layout_basic, shapermc_ecumenical_altar_venn, serial_shops,
          nicolae_lakefront_shop, shop, nicolae_shop_crystal
D:4:      layout_cave_pods, grunt_temple_overflow_open, gammafunk_ghost_split,
          chequers_ossuary_entry_cave, lightli_sewer_entry_pipes
D:5:      layout_rooms, minmay_temple_entry_butterflies, uniq_eustachio
D:6:      layout_gridville, mainiacjoe_overflow_chevrons
D:7:      minmay_the_grid_triangle_9x9_rhombus_thin
          [minmay_the_grid_triangle_9x9_skeleton,
          minmay_the_grid_triangle_9x9_prize_center,
          minmay_the_grid_triangle_9x9_steps,
          minmay_the_grid_triangle_9x9_negative_grid], layout_rooms,
          uniq_duvessa
D:8:      layout_rooms, kennysheep_little_box, nicolae_overflow_crystal_walls,
          serial_co_window_serial, co_window_paths_a,
          co_window_of_opportunity_a, co_window_corner_a, co_window_corner_a,
          co_window_corner_a, co_window_2corner, co_window_broadway_b,
          co_window_unsneaky_path_d, co_window_of_opportunity_c,
          co_window_of_opportunity_b, co_window_4corner_b, glass_columns_c,
          glass_columns_c, nicolae_take_the_stairs
D:9:      layout_cave_pools, nicolae_yredelemnul_corpse_copse,
          minmay_misc_feat_secret_circle, minmay_unpleasant_kobolds
D:10:     layout_gridville, trog_wizard, vehumet_crystals,
          chequers_temple_overflow_statue_of_worship, uniq_urug
D:11:     layout_irregular_city, lair_entry_dummy, david_orc_3
D:12:     layout_cave_pools, portal_ice_cave_rime, uniq_nergalle, uniq_azrael
D:13:     layout_small_grid, lightli_vaults_fourway_checkpoint
Temple:   jpeg_temple_clearing
Lair:1:   layout_regular_city, uniq_sonja
Lair:2:   layout_gridlike, elwin_shoals_entry_rooms,
          minmay_snake_entry_six_corridors, serial_bayou_shore_a
Lair:3:   layout_layer_cave, st_stairs_5, minivault_27
Lair:4:   layout_misc_corridors
Lair:5:   hellmonk_lair_end_abyssal_woods, layout_regular_city, slime_entry_1,
          grunt_megastairs_5

Skill      XL: |  1  2  3  4  5  6  7  8  9 10 11 12 13 14 |
---------------+-------------------------------------------+-----
Spellcasting   | 3 4 5 7 10 | 10.9
Summonings     | 5 6 8 9 14 13 15 17 | 17.0
Hexes          | 3 |  3.0
Dodging        | 4 6 7 10 15 13 | 15.0
Fighting       | 2 3 5 6 8 |  8.0
Air Magic      | 2 3 4 8 10 | 10.0
Evocations     | 4 |  4.0
Stealth        | |  2.6

Action                   |  1- 3 |  4- 6 |  7- 9 | 10-12 | 13-15 || total
-------------------------+-------+-------+-------+-------+-------++-------
Melee: Unarmed           |    35 |    38 |    51 |    41 |    46 ||   211
       Bite              |     4 |     6 |     5 |     9 |    10 ||    34
       Punch             |       |       |     1 |       |     3 ||     4
 Cast: Summon Small Mamm |    40 |    20 |    75 |    37 |    31 ||   203
       Call Imp          |    15 |    14 |    55 |    17 |    22 ||   123
       Call Canine Famil |       |     9 |    68 |    50 |    57 ||   184
       Summon Guardian G |       |       |    24 |    21 |    12 ||    57
       Summon Lightning  |       |       |    11 |    36 |    45 ||    92
       Summon Cactus Gia |       |       |       |    38 |    73 ||   111
       Summon Hydra      |       |       |       |     1 |    13 ||    14
Invok: Potion Petition   |       |       |       |       |     2 ||     2
Evoke: Wand              |       |     3 |     5 |     5 |     3 ||    16
  Use: Scroll            |       |     5 |     6 |    22 |     6 ||    39
       Potion            |       |     2 |     1 |     1 |       ||     4
 Stab: Distracted        |     1 |       |     3 |       |     1 ||     5
       Sleeping          |     1 |     4 |       |       |       ||     5
       Invisible         |       |       |     1 |       |       ||     1
Armor: Skin              |     5 |    35 |    15 |    14 |    18 ||    87
Dodge: Dodged            |    58 |    42 |   132 |   119 |   307 ||   658

Table legend: (Time is in decaauts)
 A = Elapsed time spent in this place.
 B = Non-inter-level travel time spent in this place.
 C = Inter-level travel time spent in this place.
 D = Time resting spent in this place.
 E = Time spent auto-exploring this place.
 F = Levels seen in this place.
 G = Mean time per level.
                   A        B        C        D        E       F      G
               +--------+--------+--------+--------+--------+-----+--------+
         Total |  24113 |  23018 |   1095 |   6514 |  11305 |  20 | 1205.7 |
       Dungeon |  16160 |  15344 |    816 |   4735 |   7097 |  13 | 1243.1 |
        Temple |     69 |     60 |      9 |      0 |     48 |   1 |   69.0 |
          Lair |   7394 |   7125 |    269 |   1611 |   4132 |   5 | 1478.8 |
         Sewer |    490 |    490 |      0 |    168 |     26 |   1 |  490.0 |
               +--------+--------+--------+--------+--------+-----+--------+

Top non-repeatable levels by time:
    D:11: 2719 daAuts
  Lair:5: 2366 daAuts
     D:8: 1750 daAuts
     D:9: 1711 daAuts
  Lair:2: 1593 daAuts
     D:6: 1529 daAuts
     D:4: 1512 daAuts
  Lair:4: 1413 daAuts
    D:10: 1199 daAuts
     D:7: 1176 daAuts
  Lair:1: 1082 daAuts
     D:2: 1073 daAuts
  Lair:3: 938 daAuts
    D:13: 881 daAuts
     D:3: 771 daAuts
